 Dungeon Crawl Stone Soup version 0.29.1-2-gbd0b4ee654 (webtiles) character file.

Game seed: 6574179541962346525

70 safid the Shooter (level 4, -3/40 HPs)
             Began as a Minotaur Hunter on Oct 25, 2022.
             Slain by Robin
             ... wielding a +0 club
              (4 damage)
             ... on level 3 of the Dungeon.
             The game lasted 00:02:08 (1476 turns).

safid the Shooter (Minotaur Hunter)                 Turns: 1476, Time: 00:02:09

Health: -3/40      AC:  4    Str: 16    XL:     4   Next: 3%
Magic:  3/3        EV: 12    Int:  6    God:
Gold:   253        SH:  0    Dex: 15    Spells: 3/3 levels left

rFire   . . .      SeeInvis .   a - +0 shortbow
rCold   . . .      Faith    .   (shield currently unavailable)
rNeg    . . .      Spirit   .   c - +0 leather armour
rPois   .          Reflect  .   (helmet restricted)
rElec   .          Harm     .   (no cloak)
rCorr   .          Rampage  .   e - +0 pair of gloves
Will    .....                   (no boots)
Stlth   +.........              (no amulet)
HPRegen 0.13/turn               (no ring)
MPRegen 0.08/turn               (no ring)

@: no status effects
A: horns 2, retaliatory headbutt
a: no special abilities


You were on level 3 of the Dungeon.
You visited 1 branch of the dungeon, and saw 3 of its levels.

You collected 253 gold pieces.

Inventory:

Hand Weapons
 a - a +0 shortbow (weapon)
Armour
 c - a +0 leather armour (worn)
 e - a +0 pair of gloves (worn)
Jewellery
 f - a ring of magical power
Wands
 l - a wand of polymorph (11)
Scrolls
 d - a scroll of summoning {unknown}
 j - 2 scrolls of identify {unknown}
 k - a scroll of enchant weapon {unknown}
Potions
 b - a potion of cancellation {unknown}
 g - a potion of might {unknown}
 h - a potion of haste {unknown}
 i - 2 potions of heal wounds {unknown}


   Skills:
 + Level 4.1 Fighting
 + Level 5.3 Ranged Weapons
 - Level 2.1 Dodging
 - Level 0.7 Stealth


You had 3 spell levels left.
You didn't know any spells.
Your spell library contained the following spells:

 Spells                   Type           Power      Damage    Failure   Level
 Poisonous Vapours        Pois/Air       0%         N/A       67%         2
 Corpse Rot               Necr/Pois/Air  0%         N/A       99%         4


Dungeon Overview and Level Annotations

Branches:
Dungeon (3/15)

Altars:

Shops:
D:2 *

Annotations:
D:3 Robin


Innate Abilities, Weirdness & Mutations

You have a pair of horns on your head.
You reflexively headbutt those who attack you in melee.


Message History

You are too injured to fight recklessly!
Unknown command.
Fire: a) +0 shortbow
Press: ? - help, Q - select action, (/) - cycle Shift-Dir - straight line, f/p - goblin
Aim: a goblin, wielding a +0 dagger (severely wounded, strong, 56% to hit)
You shoot an arrow. The arrow closely misses the goblin.
The goblin unwields a +0 sling.
The goblin wields a +0 club.
The goblin hits you with a +0 club. The goblin hits you with a +0 dagger.
Robin hits you with a +0 club.
* * * LOW HITPOINT WARNING * * *
The goblin barely misses you.
Fire: a) +0 shortbow
Press: ? - help, Q - select action, (/) - cycle Shift-Dir - straight line, f/p - goblin
Aim: a goblin, wielding a +0 dagger (severely wounded, strong, 56% to hit)
You shoot an arrow. The arrow hits the goblin.
You kill the goblin!
Robin hits you with a +0 club.
* * * LOW HITPOINT WARNING * * *
The goblin misses you.
Unknown command.
Fire: a) +0 shortbow
Press: ? - help, Q - select action, (/) - cycle Shift-Dir - straight line, f - Robin
Aim: Robin, wielding a +0 club, wearing a +0 animal skin and wearing a +0 helmet (70% to hit)
You shoot an arrow. The arrow hits Robin!
Robin is heavily wounded.
Robin barely misses you. The goblin hits you with a +0 club.
* * * LOW HITPOINT WARNING * * *
Unknown command.
Fire: a) +0 shortbow
Press: ? - help, Q - select action, (/) - cycle Shift-Dir - straight line, f - goblin, p - Robin
Aim: a goblin, wielding a +0 club (strong, 56% to hit)
You shoot an arrow. The arrow closely misses the goblin.
Robin says, "Kneel, worm!"
Robin hits you with a +0 club.
* * * LOW HITPOINT WARNING * * *
The goblin hits you with a +0 club.
* * * LOW HITPOINT WARNING * * *
Robin says, "Feeling lonely?"
Robin hits you with a +0 club.
You die...

## .. '###### ?.... .).
##### ##g## #...###
##)@)## #...#.+
##..g).## ...
#.....###.#...#.## ...
#....###.8.8.8.8.## ...
+.....#...........#
....####..'...........+
.... #..#...........#
...# ##..##.8.8.8.8.##
...####...###.#...#.##


You could see Robin and a goblin (strong).

Vanquished Creatures
  An adder (D:3)
  3 dart slugs
  6 bats
  4 endoplasms
  2 giant cockroaches (D:2)
  12 goblins
  2 hobgoblins (D:3)
  3 kobolds
  3 quokkas
  5 ball pythons
  4 frilled lizards
  6 rats
51 creatures vanquished.

Notes
Turn   | Place    | Note
-------+----------+-------------------------------------------
     0 | D:1      | safid the Minotaur Hunter began the quest for the Orb.
     0 | D:1      | Reached XP level 1. HP: 18/18 MP: 0/0
   148 | D:1      | Reached XP level 2. HP: 25/25 MP: 1/1
   860 | D:2      | Reached XP level 3. HP: 31/31 MP: 2/2
   882 | D:2      | Reached skill level 5 in Ranged Weapons
   965 | D:2      | Found a faded altar of an unknown god.
  1239 | D:2      | Found Wuvvuid's Assorted Antiques.
  1468 | D:3      | Noticed Robin
  1473 | D:3      | Reached XP level 4. HP: 20/40 MP: 3/3
  1476 | D:3      | HP: 1/40 [goblin/+0 club[Robin] (2)]
  1476 | D:3      | Slain by Robin

Illustrated notes

Levels and vault maps discovered:
D:1:      psy_arrival_basics, layout_basic, minmay_misc_feat_more_columns,
          minmay_misc_feat_encased
D:2:      layout_loops_ring, serial_shops, shop_coins,
          hellmonk_ecumenical_altar_heavens_door
D:3:      cheibrodos_old_hovel, layout_basic, mainiacjoe_overflow_tiny_flanked,
          nicolae_wu_jian_wuxing_cycle, ebering_ghost_sewer_f,
          dk_noncrumbling_3, uniq_robin

Skill      XL: |  1  2  3 |
---------------+----------+-----
Fighting       | 3 4 |  4.1
Ranged Weapons | 5 |  5.3
Dodging        | |  2.1
Stealth        | |  0.7

Action                   |  1- 3 |  4- 6 || total
-------------------------+-------+-------++-------
 Fire: Shortbow          |   108 |     4 ||   112
Armor: Leather armour    |    14 |       ||    14
Dodge: Dodged            |    35 |     3 ||    38
